 Dungeon Crawl Stone Soup version 0.28.0-43-g3370ac3207 (webtiles) character file.

Game seed: 11926325322011157602

27 nickcage the Firebug (level 3, -3/28 HPs)
             Began as a Naga Fire Elementalist on Mar 14, 2022.
             Slain by Sigmund
             ... wielding a +0 scythe
              (5 damage)
             ... on level 2 of the Dungeon.
             The game lasted 00:04:09 (1291 turns).

nickcage the Firebug (Naga Fire Elementalist)       Turns: 1291, Time: 00:04:10

Health: -3/28      AC:  2    Str: 10    XL:     3   Next: 10%
Magic:  0/6        EV:  9    Int: 23    God:
Gold:   54         SH:  0    Dex: 11    Spells: 3/6 levels left

rFire   . . .      SeeInvis +   h - +2 whip (drain)
rCold   . . .      Faith    .   (no shield)
rNeg    . . .      Spirit   .   a - +0 robe
rPois   +          Reflect  .   (no helmet)
rElec   .          Harm     .   (no cloak)
rCorr   .          Rampage  .   (no gloves)
Will    .....                   (no barding)
Stlth   ++........              (no amulet)
HPRegen 0.09/turn               j - +6 ring of intelligence
MPRegen 0.10/turn               (no ring)

@: very slow
A: AC +1, large, see invisible, deformed body, poison resistance, slowness 2,
spit poison 1, naga tail 1
a: Spit Poison


You were on level 2 of the Dungeon.
You visited 1 branch of the dungeon, and saw 2 of its levels.

You collected 54 gold pieces.

Inventory:

Hand Weapons
 c - a +0 whip
 d - a +0 whip of pain
 h - a +2 whip of draining (weapon)
Armour
 a - a +0 robe (worn)
Jewellery
 j - a +6 ring of intelligence (left hand)
 k - a ring of ice
Scrolls
 b - a scroll of blinking {unknown}
 e - a scroll of identify {unknown}
 g - a scroll of fear {unknown}
 i - a scroll of enchant armour {unknown}
Potions
 f - a potion of attraction {unknown}


   Skills:
 - Level 1.5 Dodging
 - Level 3.0 Stealth
 - Level 2.0 Spellcasting
 - Level 1.0 Conjurations
 + Level 4.2 Fire Magic


You had 3 spell levels left.
You knew the following spells:

 Your Spells              Type           Power      Damage    Failure   Level
a - Foxfire               Conj/Fire      56%        2x1d6     4%          1
b - Scorch                Fire           42%        2d7       3%          2

Your spell library contained the following spells:

 Spells                   Type           Power      Damage    Failure   Level
 Conjure Flame            Conj/Fire      14%        6-21      13%         3
 Inner Flame              Hex/Fire       11%        N/A       16%         3
 Flame Wave               Conj/Fire      14%        2d6       41%         4


Dungeon Overview and Level Annotations

Branches:
Dungeon (2/15)

Altars:

Annotations:
D:2 Sigmund


Innate Abilities, Weirdness & Mutations

Your serpentine skin is tough. (AC +1)
You have supernaturally acute eyesight. (SInv)
Armour fits poorly on your strangely shaped body.
Your system is resistant to poisons. (rPois)
You cover ground very slowly.
You can spit poison.
You have a snake-like lower body.


Message History

HP restored.
Things that are here:
a +0 whip; a kobold corpse
k - a ring of ice
Okay, then.
Sigmund the Dreaded comes into view.
He is wielding a +0 scythe and wearing a +2 robe of resistance.
Found a forked iron wand.
Sigmund casts a spell at you. The magic dart hits you!
Sigmund hits you with a +0 scythe!
You hit Sigmund but do no damage. Sigmund hits you with a +0 scythe.
Casting: Scorch (safe; 3% risk of failure)
Press: ? - help, Q - select action, (/) - cycle Dir - look around, f - activate Flames lash Sigmund.
Sigmund resists.
Sigmund is lightly wounded.
Sigmund's fire resistance burns away.
Sigmund hits you with a +0 scythe!
* * * LOW HITPOINT WARNING * * *
Casting: Scorch (safe; 3% risk of failure)
Press: ? - help, Q - select action, (/) - cycle Dir - look around, f - activate Flames lash Sigmund.
Sigmund is moderately wounded.
Casting: Scorch (safe; 3% risk of failure)
Press: ? - help, Q - select action, (/) - cycle Dir - look around, f - activate Flames lash Sigmund.
Sigmund is severely wounded.
Sigmund screams, "I am the angel of ZOT!!!"
Sigmund closely misses you.
You don't have enough magic to cast this spell.
You don't have enough magic to cast this spell.
You barely miss Sigmund.
Sigmund is severely wounded.
Sigmund gestures at you while chanting. The magic dart hits you.
* * * LOW HITPOINT WARNING * * *
Unknown command.
You hit Sigmund but do no damage. You drain Sigmund.
Sigmund is severely wounded.
Sigmund hits you with a +0 scythe.
You die...

#..#.# #.....# #.
#.#.#####.#.####.
#.........#...##.
#......##.###....
#####......##....†)..
#.....#...)##.####...
#.............# ###.
####....###...##.# #.
.......@.##.####.# #.
.###...@.##..
.######† #####......
#...... #......
#.#...# #.......
#...# #........ #...#
..../. #.#...# ##..#
#...... ###...#


You could see Sigmund (combustible, drained).

Vanquished Creatures
  A dart slug (D:1)
  2 endoplasms (D:1)
  3 goblins
  3 hobgoblins (D:1)
  A quokka (D:1)
  3 ball pythons
  3 bats
  2 frilled lizards (D:1)
  4 kobolds
  2 rats (D:1)
24 creatures vanquished.

Vanquished Creatures (others)
  20 foxfires (D:1)
20 creatures vanquished.

Grand Total: 44 creatures vanquished

Notes
Turn   | Place    | Note
-------+----------+-------------------------------------------
     0 | D:1      | nickcage the Naga Fire Elementalist began the quest for the
                  | Orb.
     0 | D:1      | Reached XP level 1. HP: 15/15 MP: 3/3
   465 | D:1      | Reached XP level 2. HP: 22/22 MP: 3/5
   480 | D:1      | Learned a level 2 spell: Scorch
  1050 | D:1      | Reached skill level 4 in Fire Magic
  1213 | D:2      | Reached XP level 3. HP: 28/28 MP: 6/6
  1283 | D:2      | Noticed Sigmund
  1291 | D:2      | Slain by Sigmund

Illustrated notes

Levels and vault maps discovered:
D:1:      psy_arrival_dodecagon, layout_basic
D:2:      layout_basic, lightli_corner_chamber, uniq_sigmund

Skill      XL: |  1  2 |
---------------+-------+-----
Fire Magic     | 4 |  4.2
Dodging        | |  1.5
Stealth        | |  3.0
Spellcasting   | |  2.0
Conjurations   | |  1.0

Action                   || total
-------------------------++-------
Melee: Whip              ||    18
 Cast: Foxfire           ||    11
       Scorch            ||    12
 Stab: Sleeping          ||     4
Armor: Robe              ||     4
Dodge: Dodged            ||     8
